[Event "ONJK-C 2019"]
[Site "Borne"]
[Date "2019.08.08"]
[Round "6.6"]
[White "Nielsen, Philip"]
[Black "Wierenga, Jael"]
[Result "1-0"]
[ECO "D02"]
[WhiteElo "1797"]
[BlackElo "1469"]
[Annotator "NA"]
[PlyCount "131"]
[EventDate "2019.08.05"]
[EventType "swiss"]
[EventCountry "NED"]
[SourceTitle "playchess.com"]
[Source "ChessBase"]
[SourceQuality "1"]
[TimeControl "5400+30"]

1. d4 d5 2. Bf4 e6 3. e3 Nf6 4. Nf3 Be7 5. Bd3 b6 6. Nbd2 Bb7 7. Qe2 c5 8. c3 O-O 9. Rc1 Nbd7 10. O-O Rc8 11. Bb1 Nh5 12. Qd3 f5 13. Be5 Nhf6 14. h3 Ne4 15. Rfe1 Bf6 16. Bxf6 Ndxf6 17. c4 Nxd2 18. Nxd2 Ne4 19. cxd5 Bxd5 20. f3 Nxd2 21. Qxd2 cxd4 22. Qxd4 Rxc1 23. Rxc1 Qg5 24. Kf2 f4 25. e4 Ba8 26. Qd7 Qe5 27. Rc2 Bb7 28. a3 Ba6 29. Ba2 Qg5 30. Bxe6+ Kh8 31. Qd1 h6 32. Kg1 Bb5 33. Qc1 Ba6 34. Rc7 Qf6 35. Bd5 b5 36. Qc3 Qg6 37. Rc6 Qh5 38. Rxa6 Qh4 39. Rxa7 Qg3 40. Ra8 Rxa8 41. Bxa8 Qh4 42. Bd5 Kh7 43. b3 Qg3 44. a4 bxa4 45. bxa4 Qh4 46. a5 Qe7 47. Kh1 Qa7 48. Bc4 Qf2 49. a6 Qb6 50. Qa3 Qb1+ 51. Kh2 Qe1 52. a7 Qg3+ 53. Kg1 Qe1+ 54. Bf1 Qe3+ 55. Qxe3 fxe3 56. a8=Q e2 57. Bxe2 g5 58. Qc6 h5 59. Kf2 g4 60. Ke3 gxh3 61. gxh3 h4 62. Kf4 Kg7 63. Kg5 Kf7 64. Qf6+ Kg8 65. Qe7 Kh8 66. Kg6 1-0

[Event "ONJK-C 2019"]
[Site "Borne"]
[Date "2019.08.08"]
[Round "6.7"]
[White "Goudriaan, Rafael"]
[Black "Van Doren, Frodo"]
[Result "1-0"]
[ECO "C50"]
[WhiteElo "1719"]
[BlackElo "1433"]
[Annotator "NA"]
[PlyCount "21"]
[EventDate "2019.08.05"]
[EventType "swiss"]
[EventCountry "NED"]
[SourceTitle "playchess.com"]
[Source "ChessBase"]
[SourceQuality "1"]
[TimeControl "5400+30"]

1. e4 e5 2. Nf3 Nc6 3. Bc4 Bc5 4. c3 Nf6 5. O-O O-O 6. Re1 d6 7. d4 Bb6 8. a4 Bg4 9. d5 Qd7 10. dxc6 Qxc6 11. Bb5 1-0

[Event "ONJK-C 2019"]
[Site "Borne"]
[Date "2019.08.08"]
[Round "6.8"]
[White "Knol, Daniel"]
[Black "De Jong, Mats"]
[Result "1/2-1/2"]
[ECO "C54"]
[WhiteElo "1622"]
[BlackElo "1356"]
[Annotator "NA"]
[PlyCount "95"]
[EventDate "2019.08.05"]
[EventType "swiss"]
[EventCountry "NED"]
[SourceTitle "playchess.com"]
[Source "ChessBase"]
[SourceQuality "1"]
[TimeControl "5400+30"]

1. e4 e5 2. Nf3 Nc6 3. Bc4 Bc5 4. c3 Nf6 5. d3 d6 6. a4 a5 7. Bg5 h6 8. Bh4 Be6 9. Nbd2 O-O 10. O-O Qe7 11. Re1 Rfe8 12. Qb3 Bb6 13. Nf1 Bxc4 14. Qxc4 Qe6 15. Qxe6 fxe6 16. Rad1 d5 17. Bg3 Nd7 18. Rd2 Bc5 19. exd5 exd5 20. Ne3 Nb6 21. Ng4 Nxa4 22. Ngxe5 Nxe5 23. Rxe5 Rxe5 24. Bxe5 c6 25. b3 Nb6 26. d4 Be7 27. Re2 Kf7 28. Bxg7 Bf8 29. Bxf8 Kxf8 30. Ra2 a4 31. bxa4 Rxa4 32. Rxa4 Nxa4 33. Ne5 Nxc3 34. Kf1 Nb5 35. Nf3 Nc3 36. Nd2 b6 37. Nb3 Na4 38. Ke2 Ke7 39. Kf3 Kf6 40. Kf4 c5 41. dxc5 bxc5 42. g4 c4 43. Nd4 Nc5 44. h4 Ne6+ 45. Ke3 Nxd4 46. Kxd4 Kg6 47. f4 Kf6 48. g5+ 1/2-1/2

[Event "ONJK-C 2019"]
[Site "Borne"]
[Date "2019.08.08"]
[Round "6.10"]
[White "Ang, Rufus"]
[Black "Tiggelman, Vincent"]
[Result "1-0"]
[ECO "D52"]
[WhiteElo "1498"]
[BlackElo "1358"]
[Annotator "NA"]
[PlyCount "71"]
[EventDate "2019.08.05"]
[EventType "swiss"]
[EventCountry "NED"]
[SourceTitle "playchess.com"]
[Source "ChessBase"]
[SourceQuality "1"]
[TimeControl "5400+30"]

1. d4 c6 2. c4 d5 3. Nc3 e6 4. Nf3 Nf6 5. Bg5 Nbd7 6. e3 Qa5 7. a3 Ne4 8. Qc2 Bb4 9. Rc1 Bxc3+ 10. bxc3 Qxa3 11. Bd3 Nxg5 12. Nxg5 Nf6 13. O-O h6 14. Nf3 Qd6 15. c5 Qc7 16. Ne5 O-O 17. g4 Nd7 18. f4 b6 19. cxb6 axb6 20. g5 hxg5 21. Rf3 Nxe5 22. fxe5 g6 23. Rg3 Ba6 24. Rxg5 Bxd3 25. Qxd3 c5 26. h4 Qe7 27. Kh2 Ra2+ 28. Kh3 c4 29. Qb1 Qa3 30. Rxg6+ fxg6 31. Qxg6+ Kh8 32. Qh6+ Kg8 33. Rg1+ Kf7 34. Rg7+ Ke8 35. Qxe6+ Kd8 36. Qd7# 1-0

[Event "ONJK-C 2019"]
[Site "Borne"]
[Date "2019.08.08"]
[Round "6.11"]
[White "De Rooij, Kevin"]
[Black "Groen, Jari"]
[Result "1/2-1/2"]
[ECO "E39"]
[WhiteElo "1465"]
[BlackElo "1349"]
[Annotator "NA"]
[PlyCount "53"]
[EventDate "2019.08.05"]
[EventType "swiss"]
[EventCountry "NED"]
[SourceTitle "playchess.com"]
[Source "ChessBase"]
[SourceQuality "1"]
[TimeControl "5400+30"]

1. d4 Nf6 2. c4 e6 3. Nc3 Bb4 4. Qc2 O-O 5. Nf3 c5 6. dxc5 Na6 7. a3 Bxc3+ 8. Qxc3 Nxc5 9. Bf4 Nce4 10. Qc2 Qe7 11. e3 b6 12. g3 Bb7 13. Bg2 d6 14. O-O Rfd8 15. Ng5 Nxg5 16. Bxg5 Bxg2 17. Kxg2 h6 18. Bxf6 Qxf6 19. e4 Rac8 20. Qe2 Qd4 21. Rac1 d5 22. exd5 exd5 23. Rfd1 Qe4+ 24. Qxe4 dxe4 25. Rxd8+ Rxd8 26. c5 bxc5 27. Rxc5 1/2-1/2

[Event "ONJK-C 2019"]
[Site "Borne"]
[Date "2019.08.08"]
[Round "6.12"]
[White "Vleming, Annabel"]
[Black "Den Heijer, Rolinde"]
[Result "0-1"]
[ECO "D38"]
[WhiteElo "1334"]
[BlackElo "1471"]
[Annotator "NA"]
[PlyCount "94"]
[EventDate "2019.08.05"]
[EventType "swiss"]
[EventCountry "NED"]
[SourceTitle "playchess.com"]
[Source "ChessBase"]
[SourceQuality "1"]
[TimeControl "5400+30"]

1. d4 Nf6 2. c4 e6 3. Nc3 d5 4. e3 Bb4 5. Nf3 Ne4 6. Qc2 Nd7 7. Bd3 Bxc3+ 8. bxc3 Ndf6 9. O-O O-O 10. Ne5 b6 11. cxd5 exd5 12. f3 Nd6 13. e4 h6 14. Nc6 Qd7 15. e5 Nfe8 16. exd6 Qxc6 17. dxc7 Nxc7 18. Re1 Re8 19. Be3 Nb5 20. Qa4 Bd7 21. Rac1 a6 22. c4 dxc4 23. Rxc4 Qd6 24. Qd1 Be6 25. d5 Bxd5 26. Rg4 Bc6 27. a4 Rad8 28. axb5 Qxd3 29. Qa1 g6 30. bxc6 Rxe3 31. c7 Rde8 32. Rd4 Rxe1+ 33. Kf2 Rxa1 34. Rxd3 Rc1 35. Rd8 Kf8 36. Rd7 a5 37. h4 a4 38. Rd6 Rxc7 39. Rxb6 Ra7 40. Rb1 a3 41. Ra1 a2 42. g4 Rb8 43. Rxa2 Rxa2+ 44. Kg3 g5 45. Kh3 Rbb2 46. hxg5 hxg5 47. f4 Ra3# 0-1

[Event "ONJK-C 2019"]
[Site "Borne"]
[Date "2019.08.08"]
[Round "6.13"]
[White "Yannopapas, Leontios"]
[Black "Molanus, Florian"]
[Result "1/2-1/2"]
[ECO "D00"]
[WhiteElo "1428"]
[BlackElo "1287"]
[Annotator "NA"]
[PlyCount "58"]
[EventDate "2019.08.05"]
[EventType "swiss"]
[EventCountry "NED"]
[SourceTitle "playchess.com"]
[Source "ChessBase"]
[SourceQuality "1"]
[TimeControl "5400+30"]

1. d4 d5 2. Nc3 Nf6 3. Bf4 e6 4. Nb5 Bd6 5. Nxd6+ cxd6 6. e3 O-O 7. Nf3 Nc6 8. Be2 h6 9. h3 Re8 10. g4 e5 11. Bg3 g5 12. c3 Qb6 13. Qc2 e4 14. Nh2 Bd7 15. h4 Rac8 16. Qd2 Ne7 17. O-O Ng6 18. h5 Nf8 19. f4 exf3 20. Bxf3 Ne4 21. Bxe4 Rxe4 22. Qf2 Be6 23. Rae1 Nd7 24. Kh1 Rf8 25. Qe2 Kg7 26. Rg1 Nf6 27. Bf2 Qc6 28. Ra1 Qc4 29. Qd1 Qb5 1/2-1/2

[Event "ONJK-C 2019"]
[Site "Borne"]
[Date "2019.08.08"]
[Round "6.14"]
[White "Oskam, Julian"]
[Black "De Keukelaere, Wouter"]
[Result "0-1"]
[ECO "B13"]
[WhiteElo "1197"]
[BlackElo "1240"]
[Annotator "NA"]
[PlyCount "99"]
[EventDate "2019.08.05"]
[EventType "swiss"]
[EventCountry "NED"]
[SourceTitle "playchess.com"]
[Source "ChessBase"]
[SourceQuality "1"]
[TimeControl "5400+30"]

1. e4 c6 2. Nc3 d5 3. exd5 cxd5 4. d4 Nc6 5. g3 Bf5 6. a3 e6 7. Nge2 Bd6 8. Bg2 Nf6 9. O-O O-O 10. h3 h6 11. Re1 a6 12. Rb1 Qc7 13. Bf4 Rfe8 14. Bxd6 Qxd6 15. Qd2 Rad8 16. Nf4 b5 17. b4 Rc8 18. Rb2 Re7 19. Na2 Rec7 20. c3 Ne4 21. Bxe4 Bxe4 22. Ne2 e5 23. Nac1 Qf6 24. f4 exd4 25. cxd4 g5 26. Nd3 Nxd4 27. Nxd4 Qxd4+ 28. Nf2 Qb6 29. fxg5 Rc2 30. Rxc2 Rxc2 31. Qf4 Qd4 32. gxh6 Qb2 33. Rxe4 dxe4 34. Qg5+ Kh8 35. h7 Qc1+ 36. Qxc1 Rxc1+ 37. Kg2 Rc2 38. Kf1 Rc1+ 39. Ke2 Rc2+ 40. Ke3 f5 41. h4 Rc3+ 42. Kd4 e3 43. Nd3 Rxa3 44. Kxe3 Kxh7 45. Kd4 a5 46. bxa5 Rxa5 47. Ke5 b4+ 48. Kf4 b3 49. Kg5 Ra2 50. Kxf5 0-1

[Event "ONJK-C 2019"]
[Site "Borne"]
[Date "2019.08.09"]
[Round "7.1"]
[White "De Rycke, Tyani"]
[Black "De Vries, Fabian"]
[Result "1-0"]
[ECO "B18"]
[WhiteElo "1787"]
[BlackElo "1704"]
[Annotator "NA RC"]
[PlyCount "155"]
[EventDate "2019.08.05"]
[EventType "swiss"]
[EventCountry "NED"]
[SourceTitle "playchess.com"]
[Source "ChessBase"]
[SourceQuality "1"]
[TimeControl "5400+30"]

1. e4 c6 2. d4 d5 3. Nc3 dxe4 4. Nxe4 Bf5 5. Ng3 Bg6 6. Nf3 Nf6 7. Bd3 e6 8. Bxg6 hxg6 9. O-O Nbd7 10. b3 c5 11. c4 cxd4 12. Nxd4 Bc5 13. Bb2 O-O 14. a3 Rc8 15. Rc1 Qe7 16. b4 Bxd4 17. Qxd4 b6 18. Ne4 Rfd8 19. Rfd1 e5 20. Qd6 Kf8 21. Nxf6 gxf6 22. Qd2 Nb8 23. Qh6+ Kg8 24. f4 Rxd1+ 25. Rxd1 Rd8 26. Rf1 Qf8 27. Qxf8+ Kxf8 28. fxe5 Rd2 29. Bc1 Rc2 30. Bh6+ Ke7 31. exf6+ Ke6 32. Bg5 Rxc4 33. Re1+ Kf5 34. h4 Nc6 35. Re8 Rc3 36. b5 Ne5 37. Re7 Rxa3 38. g4+ Nxg4 39. Rxf7 Rg3+ 40. Kf1 Ke6 41. Re7+ Kd5 42. Ke2 Nxf6 43. Bxf6 Rb3 44. Rxa7 Rxb5 45. Rg7 Ke6 46. Rxg6 Kf7 47. Rh6 Rb1 48. Bg5 b5 49. Rb6 b4 50. Kd3 b3 51. Kc3 Rh1 52. Rxb3 Kg6 53. Rb6+ Kh5 54. Kd3 Re1 55. Rb5 Re6 56. Rd5 Kg6 57. Rd4 Re1 58. Re4 Rd1+ 59. Ke2 Rg1 60. Kf2 Rh1 61. Re1 Rh3 62. Kg2 Rb3 63. Re3 Rb1 64. Kf3 Rf1+ 65. Kg4 Rg1+ 66. Rg3 Rh1 67. Rg2 Rb1 68. h5+ Kh7 69. Rf2 Rg1+ 70. Kf5 Rb1 71. Re2 Rf1+ 72. Bf4 Rb1 73. Re7+ Kg8 74. h6 Rf1 75. Kg6 Rxf4 76. Re8+ Rf8 77. h7+ Kh8 78. Rxf8# 1-0

[Event "ONJK-C 2019"]
[Site "Borne"]
[Date "2019.08.09"]
[Round "7.2"]
[White "Klugstedt, Vincent"]
[Black "Kumar, Prajit Sai"]
[Result "1/2-1/2"]
[ECO "E32"]
[WhiteElo "1834"]
[BlackElo "1574"]
[Annotator "NA RC"]
[PlyCount "163"]
[EventDate "2019.08.05"]
[EventType "swiss"]
[EventCountry "NED"]
[SourceTitle "playchess.com"]
[Source "ChessBase"]
[SourceQuality "1"]
[TimeControl "5400+30"]

1. d4 Nf6 2. c4 e6 3. Nc3 Bb4 4. Qc2 d5 5. Nf3 O-O 6. Bg5 Nbd7 7. a3 Bxc3+ 8. Qxc3 c6 9. e3 Ne4 10. Bxd8 Nxc3 11. bxc3 (11. Bc7 $5 Ne4 12. Rc1 $16) 11... Rxd8 12. cxd5 exd5 13. Bd3 Nf6 14. O-O Be6 $11 15. Rfc1 Rac8 16. Rab1 b5 17. Rb2 a6 18. Rcb1 Re8 19. h3 h6 20. Ra1 Ra8 21. Ne5 Nd7 22. Nf3 Nb6 23. Kf1 Na4 24. Rc2 f6 25. Ke2 Kf7 26. Nh4 Ke7 27. Ng6+ Kd6 28. Nf4 Bf7 29. Kd2 Re7 30. Rca2 Rea7 31. Bc2 Nb6 32. Nd3 Bg6 33. Nc5 Bxc2 34. Kxc2 Nd7 35. Nd3 Nb6 36. Nb2 Kc7 37. Kd3 Nc4 38. f3 Nxb2+ 39. Rxb2 f5 40. Re2 Re8 41. Rf1 Kd6 42. e4 dxe4+ 43. fxe4 fxe4+ 44. Rxe4 Rxe4 45. Kxe4 Re7+ 46. Kd3 a5 47. Rf2 Ke6 48. a4 bxa4 49. Ra2 Rf7 50. Ke3 c5 51. Rxa4 cxd4+ 52. cxd4 Ra7 53. Ke4 Ra6 54. h4 g6 55. g4 h5 56. gxh5 gxh5 57. Kf4 Rd6 58. Rxa5 Rxd4+ 59. Kg5 Kf7 60. Kxh5 Rd8 61. Rf5+ Kg7 62. Kg5 Rf8 63. Rb5 Rf7 64. h5 Rf1 65. Rb7+ Kg8 66. Kg6 Rg1+ 67. Kh6 Rf1 68. Rg7+ Kh8 69. Rg5 Ra1 70. Rg6 Rf1 71. Re6 Rg1 72. Rg6 Ra1 73. Rg4 Rg1 74. Rd4 Rg4 75. Rd8+ Rg8 76. Rd7 Rg7 77. Rd8+ Rg8 78. Rxg8+ Kxg8 79. Kg6 Kh8 80. h6 Kg8 81. h7+ Kh8 82. Kh6 1/2-1/2

[Event "ONJK-C 2019"]
[Site "Borne"]
[Date "2019.08.09"]
[Round "7.3"]
[White "Boeren, Jurriaan"]
[Black "Nielsen, Philip"]
[Result "0-1"]
[ECO "B07"]
[WhiteElo "1522"]
[BlackElo "1797"]
[Annotator "NA RC"]
[PlyCount "82"]
[EventDate "2019.08.05"]
[EventType "swiss"]
[EventCountry "NED"]
[SourceTitle "playchess.com"]
[Source "ChessBase"]
[SourceQuality "1"]
[TimeControl "5400+30"]

1. e4 d6 2. Nf3 Nf6 3. d3 g6 4. c3 Bg7 5. Be3 O-O 6. Nbd2 Nbd7 7. Be2 b6 8. Nf1 Bb7 9. Qd2 e5 10. Bh6 d5 11. exd5 Bxd5 12. Bxg7 Kxg7 13. h4 e4 14. dxe4 Bxe4 15. h5 Nc5 16. h6+ Kg8 17. Qxd8 Raxd8 18. Ng3 Bxf3 19. gxf3 Rfe8 20. O-O Rd2 21. Rab1 Rexe2 22. Nxe2 Rxe2 23. Rbd1 Ne6 24. Rb1 Re5 25. Rfe1 Rh5 26. Rbd1 Rxh6 27. Kg2 Rh5 28. Re3 Nd5 29. Re4 Ndf4+ 30. Kg1 Nh3+ 31. Kf1 Rg5 32. Ke2 Rf5 33. Re3 Nef4+ 34. Kf1 Rg5 35. Ke1 Ng2+ 36. Ke2 Nxe3 37. fxe3 Rg2+ 38. Ke1 Rxb2 39. Ra1 Rh2 40. Rd1 Rxa2 41. Rc1 Ng5 0-1

[Event "ONJK-C 2019"]
[Site "Borne"]
[Date "2019.08.09"]
[Round "7.4"]
[White "Dhaenens, Leon"]
[Black "Goudriaan, Rafael"]
[Result "1-0"]
[ECO "A39"]
[WhiteElo "1583"]
[BlackElo "1719"]
[Annotator "NA RC"]
[PlyCount "91"]
[EventDate "2019.08.05"]
[EventType "swiss"]
[EventCountry "NED"]
[SourceTitle "playchess.com"]
[Source "ChessBase"]
[SourceQuality "1"]
[TimeControl "5400+30"]

1. c4 c5 2. g3 g6 3. Bg2 Bg7 4. Nc3 Nc6 5. Nf3 Nf6 6. d4 cxd4 7. Nxd4 Nxd4 8. Qxd4 O-O 9. O-O d6 10. Qd2 Qc7 11. b3 Bd7 12. Bb2 Rfe8 13. Rfd1 Qc8 14. Rac1 Ng4 15. Ne4 Bxb2 16. Qxb2 Bc6 17. c5 Qf5 18. h3 Ne5 19. Qd4 d5 20. Nc3 e6 21. f4 Nd7 22. b4 e5 23. fxe5 Nxe5 24. b5 Bd7 25. Rf1 Qg5 26. Nxd5 Rad8 27. Nf6+ Kg7 28. Nxe8+ Bxe8 29. Qf4 Qe7 30. c6 bxc6 31. bxc6 Rc8 32. Rc2 Nxc6 33. Rfc1 Qe6 34. Qc4 Qe3+ 35. Kh2 Ne7 36. Qd3 Qe6 37. Rxc8 Nxc8 38. Qc3+ Kh6 39. Qxc8 Qxe2 40. Qg4 Qxa2 41. Qf4+ Kg7 42. Qe5+ Kf8 43. Rc8 Qa4 44. Qd6+ Kg7 45. Qe7 Bb5 46. Qe5+ 1-0

[Event "ONJK-C 2019"]
[Site "Borne"]
[Date "2019.08.09"]
[Round "7.5"]
[White "Neisingh, Nils"]
[Black "Ang, Rufus"]
[Result "1-0"]
[ECO "C42"]
[WhiteElo "1710"]
[BlackElo "1498"]
[Annotator "NA RC"]
[PlyCount "77"]
[EventDate "2019.08.05"]
[EventType "swiss"]
[EventCountry "NED"]
[SourceTitle "playchess.com"]
[Source "ChessBase"]
[SourceQuality "1"]
[TimeControl "5400+30"]

1. e4 e5 2. Nf3 Nf6 3. Nxe5 d6 4. Nf3 Nxe4 5. Nc3 Nf6 6. d4 d5 7. h3 c5 8. Bb5+ Bd7 9. Bxd7+ Qxd7 10. Bg5 Qe6+ 11. Be3 Nbd7 12. O-O Bd6 13. Re1 Ne4 14. dxc5 Bxc5 15. Bxc5 Ndxc5 16. Nd4 Qe5 17. f3 O-O 18. fxe4 dxe4 19. Nb3 Rad8 20. Qe2 Nxb3 21. axb3 f5 22. Rxa7 Rb8 23. Qc4+ Kh8 24. Kh1 Qg3 25. Qe2 Rbe8 26. Rxb7 e3 27. Rf1 f4 28. Qg4 e2 29. Nxe2 Qxg4 30. hxg4 Rxe2 31. Rxf4 Rfe8 32. Rc7 h6 33. Rfc4 R8e3 34. Rc3 Re4 35. Rg3 Re1+ 36. Kh2 Rf1 37. g5 Ree1 38. Rc8+ Kh7 39. g6# 1-0

[Event "ONJK-C 2019"]
[Site "Borne"]
[Date "2019.08.09"]
[Round "7.6"]
[White "Smeets, Kobe"]
[Black "Malfliet, Alexander"]
[Result "1-0"]
[ECO "B47"]
[WhiteElo "1530"]
[BlackElo "1491"]
[Annotator "NA RC"]
[PlyCount "32"]
[EventDate "2019.08.05"]
[EventType "swiss"]
[EventCountry "NED"]
[SourceTitle "playchess.com"]
[Source "ChessBase"]
[SourceQuality "1"]
[TimeControl "5400+30"]

1. e4 c5 2. Nf3 Nc6 3. d4 cxd4 4. Nxd4 e6 5. Nc3 a6 6. g3 Qc7 7. Bg2 Nf6 8. O-O Be7 9. Be3 O-O 10. f4 b5 11. a3 Bc5 12. Kh1 Qb6 13. Nxc6 dxc6 14. Bxc5 Qxc5 15. e5 Nd5 16. Nxd5 cxd5 1-0

[Event "ONJK-C 2019"]
[Site "Borne"]
[Date "2019.08.09"]
[Round "7.7"]
[White "Den Heijer, Rolinde"]
[Black "Arnold, Lorin"]
[Result "1-0"]
[ECO "B32"]
[WhiteElo "1471"]
[BlackElo "1583"]
[Annotator "NA RC"]
[PlyCount "65"]
[EventDate "2019.08.05"]
[EventType "swiss"]
[EventCountry "NED"]
[SourceTitle "playchess.com"]
[Source "ChessBase"]
[SourceQuality "1"]
[TimeControl "5400+30"]

1. e4 c5 2. Nf3 Nc6 3. d4 cxd4 4. Nxd4 e5 5. Nb5 d6 6. Bc4 Nf6 7. Bd5 Bd7 8. N1c3 a6 9. Na3 b5 10. Ne2 Rc8 11. c3 Be7 12. Be3 O-O 13. O-O Be6 14. c4 bxc4 15. Nxc4 Nxe4 16. Nxe5 Nxe5 17. Bxe4 f5 18. Bb7 Rb8 19. Bxa6 Rxb2 20. a4 Bg5 21. Qc1 f4 22. Bxf4 Bxf4 23. Nxf4 Rxf4 24. Qxf4 Qa5 25. Bb5 Rb4 26. Qe3 Bd5 27. Rac1 Qa8 28. f3 Rb3 29. Rc3 Rb2 30. Rfc1 Be6 31. Bc6 Nxc6 32. Qxe6+ Kf8 33. Qxd6+ 1-0

[Event "ONJK-C 2019"]
[Site "Borne"]
[Date "2019.08.09"]
[Round "7.8"]
[White "Groen, Jari"]
[Black "Knol, Daniel"]
[Result "1-0"]
[ECO "B90"]
[WhiteElo "1349"]
[BlackElo "1622"]
[Annotator "NA RC"]
[PlyCount "90"]
[EventDate "2019.08.05"]
[EventType "swiss"]
[EventCountry "NED"]
[SourceTitle "playchess.com"]
[Source "ChessBase"]
[SourceQuality "1"]
[TimeControl "5400+30"]

1. e4 c5 2. Nf3 d6 3. d4 cxd4 4. Nxd4 Nf6 5. Nc3 a6 6. Be3 e5 7. Nb3 Nc6 8. f3 b5 9. a3 Bb7 10. Be2 Be7 11. O-O O-O 12. Qd2 Qc7 13. Rfd1 Rad8 14. Nd5 Nxd5 15. exd5 Nb8 16. Rac1 f5 17. c4 bxc4 18. Rxc4 Qd7 19. Na5 Ba8 20. Rdc1 Rc8 21. Qc2 Rxc4 22. Qxc4 f4 23. Bb6 Bd8 24. Bxd8 Qxd8 25. b4 Qb6+ 26. Kf1 Qe3 27. Rc3 Qd2 28. Rd3 Qb2 29. Nc6 Nd7 30. Qxa6 Nf6 31. Ne7+ Kh8 32. Qxd6 e4 33. Ng6+ hxg6 34. Qxf8+ Kh7 35. fxe4 Qc1+ 36. Rd1 Qe3 37. Qc5 Qxe4 38. Bf3 Qf5 39. d6 Bxf3 40. Qxf5 gxf5 41. gxf3 Nd7 42. b5 Kg6 43. b6 Kf6 44. b7 Ke6 45. Re1+ Kd5 1-0

[Event "ONJK-C 2019"]
[Site "Borne"]
[Date "2019.08.09"]
[Round "7.9"]
[White "De Jong, Mats"]
[Black "De Heij, Mees"]
[Result "1-0"]
[ECO "D02"]
[WhiteElo "1356"]
[BlackElo "1545"]
[Annotator "NA RC"]
[PlyCount "55"]
[EventDate "2019.08.05"]
[EventType "swiss"]
[EventCountry "NED"]
[SourceTitle "playchess.com"]
[Source "ChessBase"]
[SourceQuality "1"]
[TimeControl "5400+30"]

1. d4 d5 2. c4 c6 3. Nf3 Nf6 4. Nc3 Bf5 5. Bf4 e6 6. e3 Bb4 7. a3 Bd6 8. Bxd6 Qxd6 9. cxd5 exd5 10. Bd3 Bxd3 11. Qxd3 O-O 12. O-O Nbd7 13. b4 a6 14. Rfc1 Rfe8 15. Nd2 h6 16. Na4 Rab8 17. Rab1 Ne4 18. Nxe4 Rxe4 19. Nc5 Rg4 20. Qf5 Nf6 21. Nxb7 Rg5 22. Nxd6 Rxf5 23. Nxf5 Kf8 24. Rxc6 Ne8 25. Rbc1 a5 26. Rc8 Rb6 27. R1c6 Rb7 28. Nd6 1-0

[Event "ONJK-C 2019"]
[Site "Borne"]
[Date "2019.08.09"]
[Round "7.10"]
[White "Molanus, Florian"]
[Black "De Rooij, Kevin"]
[Result "0-1"]
[ECO "D36"]
[WhiteElo "1287"]
[BlackElo "1465"]
[Annotator "NA RC"]
[PlyCount "75"]
[EventDate "2019.08.05"]
[EventType "swiss"]
[EventCountry "NED"]
[SourceTitle "playchess.com"]
[Source "ChessBase"]
[SourceQuality "1"]
[TimeControl "5400+30"]

1. d4 d5 2. c4 e6 3. Nc3 Be7 4. Nf3 Nf6 5. Bg5 Nbd7 6. cxd5 exd5 7. e3 c6 8. Bd3 O-O 9. O-O Re8 10. Qc2 Nf8 11. Ne5 Ng6 12. Nxg6 hxg6 13. f3 Nh5 14. Bxe7 Rxe7 15. Rfe1 Nf6 16. Qf2 Qb6 17. Rad1 Bf5 18. e4 dxe4 19. fxe4 Bg4 20. Rd2 Rd8 21. Bc4 Be6 22. Bxe6 Rxe6 23. Kh1 a6 24. Na4 Nxe4 25. Rxe4 Qa5 26. Rxe6 fxe6 27. b3 Rf8 28. Qxf8+ Kxf8 29. Re2 Qf5 30. Kg1 Qb1+ 31. Kf2 Qd3 32. Kf1 Qxd4 33. g3 Ke7 34. Ke1 Qg1+ 35. Kd2 Qb1 36. Ke3 b5 37. Nc5 Qc1+ 38. Kd4 0-1

[Event "ONJK-C 2019"]
[Site "Borne"]
[Date "2019.08.09"]
[Round "7.11"]
[White "De Keukelaere, Wouter"]
[Black "Wierenga, Jael"]
[Result "0-1"]
[ECO "C01"]
[WhiteElo "1240"]
[BlackElo "1469"]
[Annotator "NA RC"]
[PlyCount "27"]
[EventDate "2019.08.05"]
[EventType "swiss"]
[EventCountry "NED"]
[SourceTitle "playchess.com"]
[Source "ChessBase"]
[SourceQuality "1"]
[TimeControl "5400+30"]

1. e4 e6 2. d4 d5 3. exd5 exd5 4. Bd3 Nf6 5. h3 Be7 6. Qf3 O-O 7. Bf4 b6 8. Ne2 Bb7 9. O-O c5 10. c3 Ne4 11. Nd2 f5 12. Ng3 g5 13. Ndxe4 fxe4 14. Qg4 0-1

[Event "ONJK-C 2019"]
[Site "Borne"]
[Date "2019.08.09"]
[Round "7.12"]
[White "Van Doren, Frodo"]
[Black "Yannopapas, Leontios"]
[Result "1/2-1/2"]
[ECO "B34"]
[WhiteElo "1433"]
[BlackElo "1428"]
[Annotator "NA RC"]
[PlyCount "83"]
[EventDate "2019.08.05"]
[EventType "swiss"]
[EventCountry "NED"]
[SourceTitle "playchess.com"]
[Source "ChessBase"]
[SourceQuality "1"]
[TimeControl "5400+30"]

1. e4 c5 2. Nf3 Nc6 3. d4 cxd4 4. Nxd4 g6 5. Nc3 Bg7 6. Be3 Nf6 7. f3 O-O 8. Qd2 d5 9. exd5 Nxd5 10. Nxc6 bxc6 11. Bd4 Rb8 12. Bxg7 Kxg7 13. O-O-O Be6 14. Bc4 Qb6 15. Qd4+ Qxd4 16. Rxd4 Nxc3 17. bxc3 c5 18. Re4 Bxc4 19. Rxc4 Rbc8 20. Rd1 Rc7 21. Rd5 Rfc8 22. g4 Kf6 23. f4 Ke6 24. Rd3 f6 25. Re4+ Kf7 26. Rh3 Kg7 27. Rhe3 Kf7 28. Re6 Rd8 29. Ra6 Rd6 30. Ra5 Re6 31. Kd2 Rxe3 32. Kxe3 h5 33. gxh5 gxh5 34. f5 Kg7 35. a4 Kf7 36. Kd3 e6 37. fxe6+ Kxe6 38. Ke4 f5+ 39. Kf4 Kd5 40. Rb5 Kc4 41. Rb3 Rf7 42. h3 1/2-1/2

[Event "ONJK-C 2019"]
[Site "Borne"]
[Date "2019.08.09"]
[Round "7.13"]
[White "De Putter, Sven"]
[Black "Voorbergen, Milan"]
[Result "1-0"]
[ECO "C56"]
[WhiteElo "1319"]
[BlackElo "1410"]
[Annotator "NA RC"]
[PlyCount "55"]
[EventDate "2019.08.05"]
[EventType "swiss"]
[EventCountry "NED"]
[SourceTitle "playchess.com"]
[Source "ChessBase"]
[SourceQuality "1"]
[TimeControl "5400+30"]

1. e4 e5 2. Nf3 Nc6 3. Bc4 h6 4. O-O Bc5 5. c3 d6 6. h3 Nf6 7. d4 exd4 8. cxd4 Bb6 9. Nc3 O-O 10. Bf4 Ba5 11. Qc2 Bxc3 12. bxc3 d5 13. exd5 Nxd5 14. Bxd5 Qxd5 15. Kh2 Qh5 16. Ne5 Ne7 17. Rfe1 Ng6 18. Nxg6 fxg6 19. Qb3+ Kh8 20. Bg3 b6 21. Re7 c5 22. d5 Bg4 23. Rae1 Bf5 24. d6 Rad8 25. Rxg7 Rde8 26. Rxe8 Rxe8 27. Qf7 Rd8 28. Rh7# 1-0

[Event "ONJK-C 2019"]
[Site "Borne"]
[Date "2019.08.09"]
[Round "7.14"]
[White "Van der Tuin, Tristan"]
[Black "Zaalmink, Bram"]
[Result "1/2-1/2"]
[ECO "D02"]
[WhiteElo "1238"]
[BlackElo "1367"]
[Annotator "NA RC"]
[PlyCount "139"]
[EventDate "2019.08.05"]
[EventType "swiss"]
[EventCountry "NED"]
[SourceTitle "playchess.com"]
[Source "ChessBase"]
[SourceQuality "1"]
[TimeControl "5400+30"]

1. d4 Nf6 2. Nf3 e6 3. Bf4 d5 4. e3 Bd6 5. Bxd6 Qxd6 6. a3 O-O 7. Bd3 b6 8. O-O Bb7 9. Nbd2 Nbd7 10. c4 c5 11. dxc5 Nxc5 12. Qe2 e5 13. Bf5 e4 14. Nd4 Nd3 15. Rab1 dxc4 16. Nxc4 Qd5 17. b3 g6 18. Bh3 Rad8 19. g3 Qh5 20. Qxh5 Nxh5 21. Bg2 Nc5 22. b4 Nd7 23. Nd6 Ba8 24. Nxe4 Ndf6 25. Nxf6+ Nxf6 26. Bxa8 Rxa8 27. Nc6 Ne4 28. Rbc1 Kg7 29. Rfd1 Nf6 30. Kg2 Rfc8 31. Kf3 Rc7 32. h4 Rac8 33. b5 h5 34. e4 Re8 35. e5 Ng4 36. a4 Rb7 37. Rd5 f6 38. exf6+ Nxf6 39. Rdd1 Rf7 40. Kg2 Ng4 41. Rc2 Ref8 42. Rdd2 Kh6 43. Nd4 Re8 44. Rc3 Re4 45. f3 Ne3+ 46. Kf2 Ng4+ 47. Kg1 Re1+ 48. Kg2 Nf6 49. Ra2 Rd7 50. Rd3 Rd5 51. a5 Rb1 52. axb6 axb6 53. Rb3 Rxb3 54. Nxb3 Rxb5 55. Nd4 Rb4 56. Nc6 Rb1 57. Kf2 b5 58. Re2 Rc1 59. Ne5 Rc7 60. g4 Kg7 61. g5 Nd7 62. Nxd7 Rxd7 63. Rb2 Rd5 64. Ke3 Kf7 65. Rb4 Ke6 66. f4 Kf5 67. Ke2 Kg4 68. Ke3 Kf5 69. Rb1 Ke6 70. Ke4 {[%emt 0:00:00] Ke5+ Ra1+} 1/2-1/2